 Dungeon Crawl Stone Soup version 0.30-a0-364-gf6b3ef1049 (webtiles) character file.

Game seed: 796077143808287888

177 voltaire321 the Sneak (level 5, -5/33 HPs)
             Began as an Octopode Earth Elementalist on Nov 15, 2022.
             Slain by an orc priest
             ... wielding a +0 hand axe
              (8 damage)
             ... on level 5 of the Dungeon.
             The game lasted 00:10:37 (3330 turns).

voltaire321 the Sneak (Octopode Earth Elementalist) Turns: 3330, Time: 00:10:37

Health: -5/33      AC:  1    Str:  7    XL:     5   Next: 57%
Magic:  1/9        EV: 13    Int: 19    God:
Gold:   225        SH:  0    Dex: 13    Spells: 3/9 levels left

rFire   . . .      SeeInvis .    e - staff of poison
rCold   . . .      Faith    .    (no shield)
rNeg    . . .      Spirit   .    (helmet restricted)
rPois   +          Reflect  .    (no amulet)
rElec   .          Harm     .    (no ring)
rCorr   .          Rampage  .    (no ring)
Will    .....                    (no ring)
Stlth   +++.......               (no ring)
HPRegen 0.25/turn                (no ring)
MPRegen 0.11/turn                (no ring)
                                 (no ring)
                                 (no ring)

@: very slightly contaminated
A: almost no armour, amphibious, 8 rings, camouflage 1, gelatinous body 1,
(nimble swimmer 1), tentacles
a: no special abilities


You were on level 5 of the Dungeon.
You visited 2 branches of the dungeon, and saw 6 of its levels.

You collected 225 gold pieces.

Inventory:

Hand Weapons
 d - a +0 short sword
Magical Staves
 e - a staff of poison (weapon)
Wands
 f - a wand of charming (2)
Scrolls
 c - a scroll of teleportation
 g - 2 scrolls of magic mapping
 j - a scroll of amnesia
 l - a scroll of blinking {unknown}
 n - a scroll of enchant armour {unknown}
 p - a scroll of butterflies {unknown}
 q - a scroll of immolation {unknown}
Potions
 a - a potion of magic
 b - a potion of mutation {unknown}
 h - a potion of ambrosia {unknown}
 i - a potion of flight {unknown}
 k - 2 potions of heal wounds
 m - a potion of haste {unknown}
 o - 3 potions of curing
 r - a potion of might {unknown}


   Skills:
 + Level 1.3 Fighting
 + Level 2.8 Dodging
 - Level 4.0 Stealth
 + Level 2.7 Spellcasting
 + Level 1.4 Conjurations
 - Level 2.0 Transmutations
 + Level 3.6 Earth Magic
 + Level 0.3 Evocations


You had 3 spell levels left.
You knew the following spells:

 Your Spells              Type           Power      Damage    Failure   Level
a - Sandblast             Erth           32%        2d9       3%          1
b - Passwall              Tmut/Erth      10%        N/A       8%          2
c - Stone Arrow           Conj/Erth      24%        3d8       17%         3

Your spell library contained the following spells:

 Spells                   Type           Power      Damage    Failure   Level
 Gell's Gravitas          Tloc           2%         N/A       43%         3
 Inner Flame              Hex/Fire       2%         N/A       43%         3
 Lesser Beckoning         Tloc           4%         N/A       43%         3
 Teleport Other           Tloc           2%         N/A       43%         3
 Petrify                  Tmut/Erth      13%        N/A       43%         4
 Flame Wave               Conj/Fire      5%         2d5       75%         4
 Sticky Flame             Conj/Fire      5%         2d3       75%         4


Dungeon Overview and Level Annotations

Branches:
Dungeon (5/15)             Temple (1/1) D:4

Altars:
Ashenzari
Elyvilon
Fedhas
Gozag
Kikubaaqudgha
Okawaru
Qazlal
Ru
Trog
Uskayaw
Wu Jian
Xom
Zin

Shops:
D:4 =


Innate Abilities, Weirdness & Mutations

You cannot wear most types of armour.
You are amphibious.
You can wear up to eight rings at the same time.
Your skin changes colour to match your surroundings (Stealth+).
Your rubbery body absorbs attacks. (AC +1, EV +1)
((You are camouflaged when in or above water. (Stealth+)))
You have tentacles for arms and can constrict up to eight enemies at once.


Message History

Aiming: Stone Arrow (quite dangerous; 17% risk of failure)
Press: ? - help, Shift-Dir - straight line, f/p - orc priest
Aim: an orc priest, wielding a +0 hand axe and wearing a +0 leather armour (lightly wounded, 68% to hit)
The stone arrow hits the orc priest.
The orc priest is moderately wounded.
The orc priest misses you.
Unknown command.
Casting: Stone Arrow (quite dangerous; 17% risk of failure)
Confirm with . or Enter, or press ? or * to list all spells.
The spell is quite dangerous to miscast (17% risk of failure)!
Continue anyway?
Aiming: Stone Arrow (quite dangerous; 17% risk of failure)
Press: ? - help, Shift-Dir - straight line, f/p - orc priest
Aim: an orc priest, wielding a +0 hand axe and wearing a +0 leather armour (moderately wounded, 68% to hit)
You miscast Stone Arrow.
You are very lightly contaminated with residual magic.
Nothing appears to happen.
Casting: Stone Arrow (quite dangerous; 17% risk of failure)
Confirm with . or Enter, or press ? or * to list all spells.
You don't have enough magic to cast this spell.
You closely miss the orc priest. You grab the orc priest.
The orc priest is moderately wounded.
You constrict the orc priest.
An adder comes into view.
The orc priest closely misses you.
The adder hisses angrily.
You hit the orc priest.
You squeeze the orc priest, but do no damage.
The orc priest is severely wounded.
You constrict the orc priest, but do no damage.
The orc hits you with a +0 club.
The orc priest invokes the aid of Beogh against you.
Pain shoots through your body!
* * * LOW HITPOINT WARNING * * *
You hit the orc priest but do no damage.
The orc priest is severely wounded.
You constrict the orc priest, but do no damage.
The orc hits you with a +0 club.
* * * LOW HITPOINT WARNING * * *
The orc priest hits you with a +0 hand axe!
You die...

#..# ######..#
#.......## #.
######.#####..########.$
#......#####............
..#####.......##........
####.##>########........
.)......# #........
.......)# #@o......
...<...## #o#...##.
........................
.........#######........
...)...#... #S..#..##
.......##### #...#....
.......# ..... .##
........ ......
<###..... #.(.#.#


You could see an orc priest, an adder and an orc.

Vanquished Creatures
  A hound (D:5)
  Crazy Yiuf (D:3)
  An iguana (D:4)
  2 adders (D:2)
  A dart slug (D:1)
  An orc (D:5)
  3 bats
  9 endoplasms
  2 giant cockroaches (D:4)
  13 goblins
  7 hobgoblins
  4 jackals (D:2)
  3 quokkas
  7 ball pythons
  A frilled lizard (D:3)
  6 kobolds
  4 rats
66 creatures vanquished.

Notes
Turn   | Place    | Note
-------+----------+-------------------------------------------
     0 | D:1      | voltaire321 the Octopode Earth Elementalist began the quest
                  | for the Orb.
     0 | D:1      | Reached XP level 1. HP: 11/11 MP: 3/3
   232 | D:1      | Reached XP level 2. HP: 17/17 MP: 3/5
   236 | D:1      | Reached skill level 3 in Stealth
   480 | D:1      | Learned a level 2 spell: Passwall
   981 | D:2      | Reached XP level 3. HP: 21/21 MP: 3/6
  1264 | D:2      | Found a shimmering altar of Xom.
  1323 | D:2      | Learned a level 3 spell: Stone Arrow
  1509 | D:2      | Reached XP level 4. HP: 27/27 MP: 5/7
  1943 | D:3      | Found a stormy altar of Qazlal.
  2006 | D:3      | Found a runed translucent door.
  2007 | D:3      | Noticed Crazy Yiuf
  2017 | D:3      | Killed Crazy Yiuf
  2324 | D:3      | Found a glowing silver altar of Zin.
  2573 | D:4      | Reached skill level 1 in Fighting
  2661 | D:4      | Reached skill level 1 in Conjurations
  2685 | D:4      | Found Cylyops's Jewellery Emporium.
  2700 | D:4      | Reached XP level 5. HP: 33/33 MP: 4/8
  2769 | D:4      | Found a staircase to the Ecumenical Temple.
  2780 | Temple   | Entered the Ecumenical Temple
  2847 | D:4      | Found an opulent altar of Gozag.
  2959 | D:4      | Found an ornate altar of the Wu Jian Council.
  3169 | D:5      | Entered Level 5 of the Dungeon
  3178 | D:5      | Reached skill level 4 in Stealth
  3330 | D:5      | Slain by an orc priest

Illustrated notes

Levels and vault maps discovered:
D:1:      dpeg_arrival_water_temple_mockup, layout_loops_ring
D:2:      layout_basic, basic_altar, guppyfry_early_lair_pool
D:3:      layout_rooms, mainiacjoe_overflow_six_doors_small, zin_scriptorium,
          uniq_crazy_yiuf_cottage
D:4:      layout_basic, lemuel_crystal_altar, mainiacjoe_overflow_alcove_4,
          minmay_temple_entry_mini_moons, serial_shops, shop
D:5:      layout_rooms, jmf_multi_god_temple2
Temple:   hellmonk_temple_two_chambers

Skill      XL: |  1  2  3  4  5 |
---------------+----------------+-----
Stealth        | 3 4 |  4.0
Transmutations | 2 |  2.0
Fighting       | 1 |  1.3
Conjurations   | 1 |  1.4
Dodging        | |  2.8
Spellcasting   | |  2.7
Earth Magic    | |  3.6
Evocations     | |  0.3

Action                   |  1- 3 |  4- 6 || total
-------------------------+-------+-------++-------
Melee: Short sword       |    18 |    20 ||    38
       Constrict         |     4 |    10 ||    14
       Tentacles         |     4 |     7 ||    11
       Punch             |     1 |       ||     1
       Staff             |       |     8 ||     8
 Cast: Sandblast         |    39 |    52 ||    91
       Stone Arrow       |       |     1 ||     1
  Use: Scroll            |       |     6 ||     6
 Stab: Sleeping          |       |     1 ||     1
Armor: Skin              |     3 |     1 ||     4
Dodge: Dodged            |    23 |    32 ||    55

Table legend: (Time is in decaauts)
 A = Elapsed time spent in this place.
 B = Non-inter-level travel time spent in this place.
 C = Inter-level travel time spent in this place.
 D = Time resting spent in this place.
 E = Time spent auto-exploring this place.
 F = Levels seen in this place.
 G = Mean time per level.
                   A        B        C        D        E       F      G
               +--------+--------+--------+--------+--------+-----+--------+
         Total |   3375 |   3210 |    165 |    500 |   1981 |   6 |  562.5 |
       Dungeon |   3340 |   3175 |    165 |    500 |   1981 |   5 |  668.0 |
        Temple |     34 |     34 |      0 |      0 |      0 |   1 |   34.0 |
               +--------+--------+--------+--------+--------+-----+--------+

Top non-repeatable levels by time:
     D:1: 972 daAuts
     D:2: 865 daAuts
     D:3: 695 daAuts
     D:4: 641 daAuts
     D:5: 165 daAuts
  Temple: 34 daAuts
